 Dungeon Crawl Stone Soup version 0.30-a0-6-g7c9e10e132 (webtiles) character file.

Game seed: 7560658217488489533

127 Flugkiller the Chopper (level 4, 0/41 HPs)
             Began as a Minotaur Fighter on Aug 22, 2022.
             Killed by nerve-wracking pain
             ... invoked by an orc priest
              (10 damage)
             ... on level 3 of the Dungeon.
             The game lasted 00:01:39 (2836 turns).

Flugkiller the Chopper (Minotaur Fighter)           Turns: 2836, Time: 00:01:39

Health: 0/41       AC: 10    Str: 20    XL:     4   Next: 85%
Magic:  2/3        EV:  9    Int:  5    God:
Gold:   36         SH:  4    Dex: 12    Spells: 3/3 levels left

rFire   . . .      SeeInvis .    a - +0 war axe
rCold   . . .      Faith    .    c - +0 buckler
rNeg    . . .      Spirit   .    b - +0 scale mail
rPois   .          Reflect  .    (helmet restricted)
rElec   .          Harm     .    (no cloak)
rCorr   .          Rampage  .    j - +2 pair of gloves
Will    .....                    (no boots)
Stlth   ..........               (no amulet)
HPRegen 0.13/turn                (no ring)
MPRegen 0.08/turn                (no ring)

@: no status effects
A: horns 2, retaliatory headbutt
a: no special abilities


You were on level 3 of the Dungeon.
You visited 1 branch of the dungeon, and saw 4 of its levels.

You collected 98 gold pieces.
You spent 62 gold pieces at shops.

Inventory:

Hand Weapons
 a - a +0 war axe (weapon)
Missiles
 h - 4 boomerangs (quivered)
Armour
 b - a +0 scale mail (worn)
 c - a +0 buckler (worn)
 j - a +2 pair of gloves (worn)
   (You found it on level 3 of the Dungeon)
Jewellery
 v - a +4 ring of evasion
   (You found it on level 2 of the Dungeon)
Scrolls
 g - a scroll of butterflies
 l - a scroll of poison
 m - a scroll of silence {unknown}
 t - a scroll of teleportation
Potions
 d - 2 potions of might
 e - 2 potions of haste {unknown}
 f - a potion of magic {unknown}
 i - a potion of degeneration {unknown}
 k - a potion of cancellation
 n - 2 potions of lignification {unknown}
 o - a potion of brilliance {unknown}
 q - 5 potions of curing
 w - a potion of heal wounds


   Skills:
 + Level 4.6 Fighting
 * Level 4.7 Axes
 + Level 4.5 Armour
 - Level 3.6 Shields


You had 3 spell levels left.
You didn't know any spells.
Your spell library was empty.

Dungeon Overview and Level Annotations

Branches:
Dungeon (4/15)
 Temple: D:4-7

Altars:
Ashenzari

Shops:
D:1 =   D:2 [!*[(

Annotations:
D:3 Robin


Innate Abilities, Weirdness & Mutations

You have a pair of horns on your head.
You reflexively headbutt those who attack you in melee.


Message History

The orc shouts!
You hear a shout! x2
An orc comes into view. It is wielding a +0 short sword.
The goblin shoots a sling bullet.
The sling bullet hits you but does no damage. 2 goblins and a hobgoblin come into view.
A goblin is wielding a +2 dagger of venom.
The goblin shouts!
The hobgoblin shouts!
You hear a shout!
The orc priest closely misses you.
The goblin shoots a sling bullet.
The sling bullet hits you but does no damage.
You hit the orc priest but do no damage.
Robin of the Strong Arm comes into view.
They are wielding a +0 trident of flaming and wearing a +1 helmet of intelligence.
Robin throws the goblin at you! The goblin hits you but does no damage.
You hit the orc but do no damage. You headbutt the orc.
The orc is severely wounded.
You hit the goblin.
You kill the goblin!
The orc hits you but does no damage.
A goblin comes into view. It is wielding a +0 club.
You hit the orc but do no damage.
The orc is severely wounded.
You closely miss the goblin. You barely miss the orc priest.
Robin throws the goblin at you!
The goblin hits you but does no damage. x2
The orc priest barely misses you. You block the orc's attack.
You barely miss the orc.
The orc is heavily wounded.
You hit the goblin.
You kill the goblin!
You slash the goblin!
You kill the goblin!
You barely miss the orc priest.
The orc priest hits you with a +0 hand axe.
The orc hits you but does no damage. Robin throws the goblin at you!
The hobgoblin hits you. The goblin hits you but does no damage.
The hobgoblin hits you but does no damage.
The orc hits you from afar with a +0 antimagic trident.
The orc hits you but does no damage.
The orc priest hits you with a +0 hand axe.
A goblin comes into view. It is wielding a +0 club.
You completely miss the orc.
The orc is heavily wounded.
You hit the hobgoblin but do no damage. You hit the goblin.
You kill the goblin!
You barely miss the hobgoblin. You barely miss the orc priest.
You block the hobgoblin's attack. x2; The orc priest barely misses you.
The orc barely misses you. The orc misses you. You furiously retaliate!
You headbutt the orc!
You kill the orc!
The goblin shoots a sling bullet.
The sling bullet hits you but does no damage.
You slash the orc priest!
The orc priest is severely wounded.
You hit the hobgoblin but do no damage. You hit the hobgoblin.
You kill the hobgoblin!
The orc hits you but does no damage. The orc priest closely misses you.
You furiously retaliate!
You headbutt the orc priest. You barely miss the orc priest.
The orc priest is severely wounded.
You hit the orc. You barely miss the hobgoblin. You hit the goblin.
Robin roars a battlecry!
The goblins go into a battle-frenzy!
You block the hobgoblin's attack. The goblin barely misses you.
You furiously retaliate!
You headbutt the goblin.
You kill the goblin!
The orc hits you but does no damage. The orc priest barely misses you.
The orc closely misses you. Robin throws the goblin at you!
You block the orc's attack. The orc barely misses you.
The orc priest hits you with a +0 hand axe.
The hobgoblin hits you but does no damage.
The goblin barely misses you. You furiously retaliate!
You headbutt the goblin.
You kill the goblin!
You closely miss the orc priest.
The orc priest is severely wounded.
You slash the orc!
You kill the orc!
You closely miss the hobgoblin.
The orc hits you from afar with a +0 antimagic trident.
You feel your power leaking away. The orc priest closely misses you.
The hobgoblin hits you.
The goblin unwields a +0 sling.
The goblin wields a +0 club.
You block the goblin's attack.
You closely miss the orc priest.
The orc priest is severely wounded.
You closely miss the goblin. You hit the hobgoblin.
You kill the hobgoblin!
Robin hits you from afar with a +0 trident of flaming.
Robin burns you.
* * * LOW HITPOINT WARNING * * *
The orc barely misses you.
The orc priest miscasts a cantrip.
The goblin hits you but does no damage.
You are too injured to fight recklessly!
The orc priest hits you with a +0 hand axe.
* * * LOW HITPOINT WARNING * * *
The orc closely misses you.
Items here: )) ? †.
The orc attacks as you move away! The orc barely misses you.
You furiously retaliate!
You headbutt the orc.
The orc priest mumbles some strange prayers to Beogh against you.
Pain shoots through your body!
You die...

....##... ....g.... ..
gg..#...> ... .# ... ##...
...###### .. .... ####
........# .##.... #
....g...# .#..... ...###
.......g###.#..... #....
.....ggo)@...........g....
..#..go).....##....#####.
#.#####................
...#.................... .
.......................
...#.>..####...........
.....##....##..........
#.#.###....##...#####..
#..........##..........


You could see Robin, an orc priest, an orc, 2 hobgoblins and 2 goblins.

Vanquished Creatures
  3 adders
  An ufetubus (D:4)
  A worm (D:2)
  2 dart slugs
  6 orcs
  4 endoplasms
  A giant cockroach (D:4)
  9 hobgoblins
  6 jackals
  4 quokkas
  6 ball pythons
  4 bats
  2 frilled lizards
  11 goblins
  8 kobolds
  8 rats
76 creatures vanquished.

Notes
Turn   | Place    | Note
-------+----------+-------------------------------------------
     0 | D:1      | Flugkiller the Minotaur Fighter began the quest for the
                  | Orb.
     0 | D:1      | Reached XP level 1. HP: 19/19 MP: 0/0
   387 | D:1      | Reached XP level 2. HP: 19/27 MP: 1/1
   609 | D:1      | Found Holyn's Jewellery Shop.
  1014 | D:1      | Found a faded altar of an unknown god.
  1096 | D:2      | You fall into a shaft and drop 2 floors!
  1205 | D:4      | Reached XP level 3. HP: 33/33 MP: 2/2
  1427 | D:3      | Found a broken altar of Ashenzari.
  1612 | D:2      | Found Deeth's Armour Emporium.
  1629 | D:2      | Found Zihahy's Distillery.
  1689 | D:2      | Bought a potion of curing for 36 gold pieces
  1755 | D:2      | Reached XP level 4. HP: 24/40 MP: 3/3
  2149 | D:2      | Found Ysudoeh's General Store.
  2157 | D:2      | Bought a scroll of identify for 26 gold pieces
  2209 | D:2      | Found Meapar's Armour Shoppe.
  2488 | D:2      | Found Plog's Weapon Boutique.
  2826 | D:3      | Noticed Robin
  2836 | D:3      | Killed from afar by an orc priest

Illustrated notes

Levels and vault maps discovered:
D:1:      dpeg_arrival_circle_labyrinth_c, layout_basic, serial_shops,
          nicolae_shop_stone, shapermc_ecumenical_altar_petra, minivault_26,
          minmay_distorted
D:2:      layout_loops_ring, serial_shops, shop, shop, shop,
          nicolae_shop_competitors_out_of_business, nicolae_shop_behind_doors
D:3:      layout_rooms, mainiacjoe_overflow_small_starburst, uniq_robin
D:4:      layout_basic

Skill      XL: |  1  2  3 |
---------------+----------+-----
Axes           | 3 4 |  4.7
Fighting       | 4 |  4.6
Armour         | 4 |  4.5
Shields        | |  3.6

Action                   |  1- 3 |  4- 6 || total
-------------------------+-------+-------++-------
Melee: War axe           |    71 |    60 ||   131
       Headbutt          |     7 |     8 ||    15
  Use: Scroll            |       |     6 ||     6
Armor: Scale mail        |    36 |    34 ||    70
Dodge: Dodged            |    47 |    33 ||    80
Block: Buckler           |    20 |    19 ||    39

Table legend: (Time is in decaauts)
 A = Elapsed time spent in this place.
 B = Non-inter-level travel time spent in this place.
 C = Inter-level travel time spent in this place.
 D = Time resting spent in this place.
 E = Time spent auto-exploring this place.
 F = Levels seen in this place.
 G = Mean time per level.
                   A        B        C        D        E       F      G
               +--------+--------+--------+--------+--------+-----+--------+
         Total |   2881 |   2795 |     86 |    176 |   2205 |   4 |  720.2 |
       Dungeon |   2881 |   2795 |     86 |    176 |   2205 |   4 |  720.2 |
               +--------+--------+--------+--------+--------+-----+--------+

Top non-repeatable levels by time:
     D:2: 1218 daAuts
     D:1: 1080 daAuts
     D:4: 327 daAuts
     D:3: 255 daAuts
